 Dungeon Crawl Stone Soup version 0.20.1-1-g8b1a95d (webtiles) character file.

739 Irenicus the Martial Artist (level 7, 0/46 HPs)
             Began as an Octopode Chaos Knight on Oct 12, 2017.
             Slain by an orc
             ... wielding a +0 trident
              (11 damage)
             ... on level 5 of the Dungeon.
             The game lasted 00:06:47 (3755 turns).

Irenicus the Martial Artist (Octopode Chaos Knight) Turns: 3755, Time: 00:06:48

Health: 0/46       AC:  1    Str: 11    XL:     7   Next: 75%
Magic:  7/7        EV: 13    Int: 13    God:    Xom [.*....]
Gold:   228        SH:  0    Dex: 13    Spells: 6/6 levels left

rFire    + + .     SeeInvis .     - Unarmed
rCold    . . .     Gourm    .   (no shield)
rNeg     . . .     Faith    .   (helmet restricted)
rPois    .         Spirit   .   (no amulet)
rElec    .         Reflect  .   j - ring of protection from magic
rCorr    .         Harm     .   l - ring of protection from fire
MR       +....     Clarity  +   m - ring of stealth
Stlth    +++++.....             o - ring of protection from fire
Regen    0.2/turn               (no ring)
MPRegen  0.1/turn               (no ring)
                                (no ring)
                                (no ring)

@: no status effects
A: almost no armour, stealthy swim, amphibious, 8 rings, constrict 8, camouflage
1, clarity, dopey 1, gelatinous body 1
a: Renounce Religion


You were on level 5 of the Dungeon.
You worshipped Xom.
You were a plaything of Xom.
You were not hungry.

You visited 1 branch of the dungeon, and saw 5 of its levels.

You collected 228 gold pieces.

Inventory:

Jewellery
 j - a ring of protection from magic (left tentacle)
 l - a ring of protection from fire (right tentacle)
 m - a ring of stealth (on tentacle)
 o - a ring of protection from fire (on tentacle)
 w - an uncursed ring of positive energy {unknown}
Wands
 c - a wand of lightning (7/15)
 v - a wand of lightning (11/15)
Scrolls
 b - 4 scrolls of amnesia {unknown}
 f - 3 scrolls of teleportation {unknown}
 g - a scroll of blinking {unknown}
 h - a scroll of enchant weapon {unknown}
 k - 5 scrolls of identify {unknown}
 q - a scroll of fear {unknown}
 r - 2 scrolls of immolation {unknown}
 s - a scroll of random uselessness {unknown}
 u - a scroll of noise {unknown}
Potions
 e - a potion of curing
 i - a potion of agility {unknown}
 n - a potion of brilliance {unknown}
 t - a potion of might
Comestibles
 a - 3 bread rations
 d - 4 meat rations
 p - 5 fruits
 x - a chunk of flesh


   Skills:
 - Level 3.0 Fighting
 - Level 2.3 Dodging
 - Level 5.0 Stealth
 + Level 8.0 Unarmed Combat


You had 6 spell levels left.
You didn't know any spells.

Dungeon Overview and Level Annotations

Branches:
Dungeon (5/15)
 Temple: D:4-7

Altars:
Okawaru
Ru
Trog
Vehumet


Innate Abilities, Weirdness & Mutations

You cannot wear most types of armour.
You are very stealthy in the water. (Stealth+)
You are amphibious.
You can wear up to eight rings at the same time.
You can use your tentacles to constrict eight enemies at once.
Your skin changes colour to match your surroundings (Stealth+).
Your rubbery body absorbs attacks. (AC +1, EV +1)
You possess an exceptional clarity of mind.
You are dopey. (Int -2)


Message History

The orc priest mumbles some strange prayers to Beogh against you.
Beogh smites you!
* * * LOW HITPOINT WARNING * * *
It was a potion of curing.
You feel better.
Xom thinks this is hilarious!
You constrict the orc priest, but do no damage.
The orc priest barely misses you. The orc misses you.
You tentacle-slap the orc priest but do no damage.
You squeeze the orc priest, but do no damage.
The orc priest is heavily wounded.
You constrict the orc priest, but do no damage.
The orc priest hits you with a dagger.
* * * LOW HITPOINT WARNING * * *
The orc closely misses you.
You barely miss the orc priest.
The orc priest is heavily wounded.
You constrict the orc priest. The orc priest hits you with a dagger.
* * * LOW HITPOINT WARNING * * *
The orc hits you with a trident!
You die...

.(..<...##########<.......#
........).................#
....[...##########.....)..#
........# #........#
........# #........#
........###### #........#
..#.##.......##############
#.#. #######...o### .
####.@[# # ###o..# ##.# ..
... .# # # # #


You could see an orc priest and an orc.

Vanquished Creatures
  A phantom (D:4)
  An ogre (D:4)
  A scorpion (D:3)
  A howler monkey (D:4)
  A centaur zombie (D:5)
  An orc priest (D:5)
  A hound (D:4)
  An orc wizard (D:5)
  Terence (D:2)
  An iguana (D:4)
  Natasha (thrice) (D:3)
  2 worker ants (D:4)
  Robin (D:4)
  2 gnolls (D:2)
  3 adders
  2 oozes
  2 worms
  2 dart slugs (D:1)
  2 leopard geckos
  15 orcs
  23 goblins
  9 hobgoblins
  5 jackals
  10 kobolds
  3 quokkas
  3 ball pythons
  4 bats
  9 frilled lizards
  A rat (D:2)
111 creatures vanquished.

Notes
Turn   | Place    | Note
-------+----------+-------------------------------------------
     0 | D:1      | Irenicus the Octopode Chaos Knight began the quest for the Orb.
     0 | D:1      | Reached XP level 1. HP: 16/16 MP: 1/1
   122 | D:1      | Reached XP level 2. HP: 21/21 MP: 2/2
   135 | D:1      | XOM: divination: detect items
   164 | D:1      | XOM is BORED!
   164 | D:1      | XOM: silly message
   172 | D:1      | XOM: mild Erth miscast
   185 | D:1      | XOM: cloud trail
   365 | D:1      | Reached skill level 4 in Unarmed Combat
   449 | D:1      | Reached XP level 3. HP: 19/26 MP: 3/3
   813 | D:2      | Noticed Terence
   820 | D:2      | XOM: confuse monster(s)
   826 | D:2      | Killed Terence
   826 | D:2      | Reached XP level 4. HP: 4/31 MP: 4/4
  1096 | D:2      | XOM: enchant monster (bad)
  1104 | D:2      | XOM: smoke on damage
  1110 | D:2      | Reached skill level 5 in Unarmed Combat
  1563 | D:2      | Found an iron altar of Okawaru.
  1574 | D:2      | Reached skill level 1 in Stealth
  1662 | D:2      | Reached XP level 5. HP: 19/36 MP: 5/5
  1702 | D:2      | XOM: harmless Air miscast
  1871 | D:3      | Noticed Natasha
  1882 | D:3      | Killed Natasha
  1929 | D:3      | XOM: silly message
  2058 | D:3      | XOM: divination: magic mapping
  2086 | D:3      | Noticed Natasha
  2092 | D:3      | Killed Natasha
  2093 | D:3      | XOM: harmless Chrm miscast
  2109 | D:3      | Noticed Natasha
  2191 | D:3      | XOM: divination: detect creatures
  2202 | D:3      | Reached skill level 6 in Unarmed Combat
  2202 | D:3      | Reached XP level 6. HP: 10/42 MP: 6/6
  2577 | D:3      | Killed Natasha
  2674 | D:3      | Found a bloodstained altar of Trog.
  2773 | D:4      | Found a sacrificial altar of Ru.
  2823 | D:4      | XOM: divination: magic mapping
  2843 | D:4      | Found a radiant altar of Vehumet.
  3009 | D:4      | Noticed Robin
  3028 | D:4      | Reached skill level 7 in Unarmed Combat
  3032 | D:4      | Killed Robin
  3032 | D:4      | Reached XP level 7. HP: 41/46 MP: 7/7
  3034 | D:4      | Got a slimy helmet
  3057 | D:4      | XOM: harmless Summ miscast
  3130 | D:4      | XOM: potion effect (invisibility)
  3254 | D:4      | Reached skill level 5 in Stealth
  3294 | D:4      | XOM: polymorph quokka -> goblin
  3471 | D:4      | XOM: give mutations
  3471 | D:4      | Gained mutation: You possess an exceptional clarity of mind. [Xom's mischief]
  3471 | D:4      | Gained mutation: You are dopey. (Int -2) [Xom's mischief]
  3669 | D:5      | Entered Level 5 of the Dungeon
  3678 | D:5      | XOM: 1-stop teleportation journey
  3751 | D:5      | Reached skill level 8 in Unarmed Combat
  3755 | D:5      | Slain by an orc

Skill      XL: |  1  2  3  4  5  6  7 |
---------------+----------------------+-----
Unarmed Combat | 4 5 6 7 8 |  8.0
Stealth        | 1 2 4 5 |  5.0
Fighting       | |  3.0
Dodging        | |  2.3

Action                   |  1- 3 |  4- 6 |  7- 9 || total
-------------------------+-------+-------+-------++-------
Melee: Unarmed           |    63 |   149 |    61 ||   273
       Tentacles         |    11 |    25 |    13 ||    49
       Constrict         |    14 |    33 |    11 ||    58
       Punch             |     2 |     4 |     2 ||     8
Evoke: Wand              |       |       |     2 ||     2
  Use: Potion            |       |     1 |     1 ||     2
 Stab: Sleeping          |    10 |    14 |     1 ||    25
       Invisible         |       |       |     5 ||     5
  Eat: Chunk             |       |     6 |     3 ||     9
Armor: Skin              |     4 |     5 |     1 ||    10
Dodge: Dodged            |    21 |    72 |    32 ||   125
